 Dungeon Crawl Stone Soup version 0.17.0 (webtiles) character file.

112 Eucla the Sneak (level 4, 0/21 HPs)
             Began as a Spriggan Enchanter on Nov 14, 2015.
             Slain by Monkaria's ghost (1 damage)
             ... on level 3 of the Dungeon.
             The game lasted 00:04:27 (2300 turns).

Eucla the Sneak (Spriggan Enchanter)                Turns: 2300, Time: 00:04:27

Health: 0/21       AC:  3    Str:  9    XL:     4   Next: 63%
Magic:  1/9        EV: 20    Int: 16    God:
Gold:   121        SH:  0    Dex: 17    Spells: 3 memorised, 2 levels left

rFire  . . .     SeeInvis +     a - +1 dagger
rCold  . . .     Clarity  .     b - +1 robe
rNeg   . . .     SustAt   .     (shield restricted)
rPois  .         Gourm    .     (helmet restricted)
rElec  .         Spirit   .     (no cloak)
rCorr  .         Warding  .     (gloves unavailable)
rMut   .         Stasis   .     (boots unavailable)
MR     .....                    p - amulet of faith
Stlth  +++.......               (no ring)
                                (no ring)

@: mighty, very slightly contaminated, hasted, very quick, not resistant to
hostile enchantments, fairly stealthy
A: unfitting armour, see invisible, herbivore 3, speed 3, slow metabolism 2
a: no special abilities


You were on level 3 of the Dungeon.
You were not hungry.

You visited 1 branch of the dungeon, and saw 3 of its levels.

You collected 121 gold pieces.

Inventory:

Hand Weapons
 a - a +1 dagger (weapon)
Armour
 b - a +1 robe (worn)
Jewellery
 p - an amulet of faith (around neck)
Wands
 q - a wand of polymorph (11)
Scrolls
 g - a scroll of fear {unknown}
 l - 3 scrolls of remove curse {unknown}
 n - a scroll of recharging {unknown}
 s - a scroll of amnesia {unknown}
Potions
 e - a potion of cancellation
 i - 3 potions of agility {unknown}
 j - a potion of flight {unknown}
 k - a potion of degeneration {unknown}
 m - a potion of resistance {unknown}
 o - a potion of mutation {unknown}
 r - 2 potions of beneficial mutation {unknown}
 t - a potion of cure mutation {unknown}
Books
 c - a book of Maledictions

   Spells                             Type                      Level
   a - Corona                         Hexes                        1
   b - Ensorcelled Hibernation        Hexes/Ice                    2
   c - Confuse                        Hexes                        3
   d - Tukima's Dance                 Hexes                        3
   e - Dazzling Spray                 Conjuration/Hexes            3
Comestibles
 d - a bread ration


   Skills:
 + Level 2.7 Short Blades
 + Level 4.7 Dodging
 + Level 5.3 Stealth
 - Level 2.6 Spellcasting
 + Level 4.4 Hexes


You had 2 spell levels left.
You knew the following spells:

 Your Spells              Type           Power        Failure   Level  Hunger
a - Ensorcelled Hibernat  Hex/Ice        #.....       14%         2    ##.....
b - Corona                Hex            ###....      3%          1    #......
c - Confuse               Hex            ###.....     12%         3    ###....


Dungeon Overview and Level Annotations

Branches:
Dungeon (3/15)

Altars:
Xom

Annotations:
D:3 Monkaria's ghost, novice DDCK


Innate Abilities, Weirdness & Mutations

You are tiny and cannot use many weapons and most armour.
You have supernaturally acute eyesight.
You are a herbivore.
You cover ground extremely quickly.
You need consume almost no food.


Message History

Monkaria's ghost closely misses you.
You closely miss Monkaria's ghost.
Monkaria's ghost is lightly damaged.
Monkaria's ghost ripples.
Monkaria's ghost completely misses you.
You hit Monkaria's ghost but do no damage.
Monkaria's ghost is lightly damaged.
Unknown command.
You closely miss Monkaria's ghost.
Monkaria's ghost is lightly damaged.
Monkaria's ghost hits you.
You are electrocuted!
Ouch! That really hurt!
* * * LOW HITPOINT WARNING * * *
Unknown command.
You hit Monkaria's ghost but do no damage.
Monkaria's ghost is lightly damaged.
You barely miss Monkaria's ghost.
Monkaria's ghost is lightly damaged.
Monkaria's ghost hits you.
You die...

..............................###
...(........##.##.##.###.###.....
#...####.##.##.##.##.# #.# #..###
#........##.......##)###+# #..#
#...##########.#####...+ [.##
#...# #.# ###.### ##.# #...#
##.###...# #.# #.#.## ##.#.##...#
.# .###.## ###.###@W.#......
....#.# #....#.##....##.# .....##
#.###..##.####
.....#####.####.##.#
.............##รท##..
......####.#.##.#### ......#
#.....#.# .#....# #.......#
.#.##.# #.##..###


You could see Monkaria's ghost.

Vanquished Creatures
  2 adders
  4 gnolls (D:3)
  An ooze (D:3)
  2 worms (D:3)
  5 orcs (D:3)
  4 goblins
  6 hobgoblins
  2 jackals (D:2)
  5 bats
  2 giant geckos (D:2)
  A quokka (D:3)
  7 rats
41 creatures vanquished.

Notes
Turn   | Place    | Note
--------------------------------------------------------------
     0 | D:1      | Eucla the Spriggan Enchanter began the quest for the Orb.
     0 | D:1      | Reached XP level 1. HP: 9/9 MP: 5/5
    69 | D:1      | You fall through a shaft!
   212 | D:2      | Reached XP level 2. HP: 5/13 MP: 4/6
   220 | D:2      | Learned a level 2 spell: Ensorcelled Hibernation
   821 | D:2      | Reached XP level 3. HP: 4/16 MP: 1/8
  1541 | D:3      | Found a shimmering altar of Xom.
  1610 | D:3      | Noticed Monkaria's ghost (novice DDCK)
  1617 | D:3      | Learned a level 3 spell: Confuse
  1738 | D:3      | Reached XP level 4. HP: 14/21 MP: 9/9
  1865 | D:3      | Reached skill level 5 in Stealth
  2298 | D:3      | HP: 1/21 [Monkaria's ghost (13)]
  2300 | D:3      | Slain by Monkaria's ghost

Action                   |  1- 3 |  4- 6 || total
-------------------------+-------+-------++-------
Melee: Dagger            |   107 |    20 ||   127
 Cast: Corona            |     2 |       ||     2
       Ensorcelled Hiber |    10 |     6 ||    16
       Confuse           |       |     5 ||     5
  Use: Potion            |       |     3 ||     3
 Stab: Sleeping          |    11 |     4 ||    15
  Eat: Pizza             |       |     1 ||     1
